TOP OF THE 1ST |
---|
Las Vegas Stars batting - Pitching for Gresham Gold Souls : LHP Francisco Nieto | Pitching: LHP Francisco Nieto | | Batting: RHB Guo-xiu Choi | 0-0: Ball 1-0: Called Strike 1-1: Foul Ball, location: 2F 1-2: SINGLE (Groundball, 34D) | Batting: RHB Alonso Holguín | 0-0: Ball 1-0: Ball 2-0: Ball 3-0: Called Strike 3-1: Foul Ball, location: 2F 3-2: Fly out, F9 (Flyball, 9S) | Batting: RHB Juan Valverde | 0-0: Ball 1-0: Ball 2-0: Foul Ball, location: 2F 2-1: Grounds into double play, 6-4-3 (Groundball, 6) | Top of the 1st over - 0 runs, 1 hit, 0 errors, 0 left on base; Las Vegas 0 - Gresham 0 | BOTTOM OF THE 1ST |
---|
Gresham Gold Souls batting - Pitching for Las Vegas Stars : RHP José Becerra | Pitching: RHP José Becerra | | Batting: LHB Joel Nelson | 0-0: Swinging Strike 0-1: Ball 1-1: Ball 2-1: Ball 3-1: Called Strike 3-2: Ground out 5-3 (Groundball, 5) | Batting: LHB Bill Smith | 0-0: Ball 1-0: Called Strike 1-1: TRIPLE (Line Drive, 9D) | Batting: LHB Alberto Varela | 0-0: Ball 1-0: Ball 2-0: Called Strike 2-1: Ball 3-1: Base on Balls | Batting: LHB Nick Scott | 0-0: Ball 1-0: Ball 2-0: Ball 3-0: Called Strike 3-1: Base on Balls Alberto Varela to second | Batting: SHB Todd Smith | 0-0: Swinging Strike 0-1: Foul Ball, location: 2F 0-2: Fielders Choice at 2nd, 6-4 (Groundball, 6) Bill Smith scores Alberto Varela to third | Batting: LHB Jeff Douglas | 0-0: Ball Pickoff Throw to First - Out! | Bottom of the 1st over - 1 run, 1 hit, 0 errors, 1 left on base; Las Vegas 0 - Gresham 1 | TOP OF THE 2ND |
---|
Las Vegas Stars batting - Pitching for Gresham Gold Souls : LHP Francisco Nieto | Batting: LHB Patrick Osborne | 0-0: Foul Ball, location: 2F 0-1: Called Strike 0-2: Ball 1-2: Ball 2-2: Strikes out swinging | Batting: RHB Zhong Shui | 0-0: Called Strike 0-1: Ball 1-1: Fly out, F4 (Popup, 34S) | Batting: SHB Júlio Salazar | 0-0: Foul Ball, location: 2F 0-1: Ball 1-1: Ball 2-1: Foul Ball, location: 2F 2-2: Foul Ball, location: 2F 2-2: Foul Ball, location: 2F 2-2: Ground out 6-3 (Groundball, 6) | Top of the 2nd over - 0 runs, 0 hits, 0 errors, 0 left on base; Las Vegas 0 - Gresham 1 | BOTTOM OF THE 2ND |
---|
Gresham Gold Souls batting - Pitching for Las Vegas Stars : RHP José Becerra | Batting: LHB Jeff Douglas | 0-0: Foul Ball, location: 2F 0-1: Ground out U3 (Groundball, 3) | Batting: RHB Alberto Chávez | 0-0: Ground out 4-3 (Groundball, 4) | Batting: RHB Gabriel Miranda | 0-0: Foul Ball, location: 2F 0-1: Ball 1-1: Ball 2-1: Swinging Strike 2-2: Ball 3-2: Fly out, F4 (Popup, 4M) | Bottom of the 2nd over - 0 runs, 0 hits, 0 errors, 0 left on base; Las Vegas 0 - Gresham 1 | TOP OF THE 3RD |
---|
Las Vegas Stars batting - Pitching for Gresham Gold Souls : LHP Francisco Nieto | Batting: LHB Clint Parkinson | 0-0: Called Strike 0-1: Ball 1-1: Swinging Strike 1-2: Ball 2-2: Strikes out swinging | Batting: RHB Gilberto Silva | 0-0: Called Strike 0-1: Swinging Strike 0-2: Strikes out swinging | Batting: RHB Fernando Bórquez | 0-0: Ball 1-0: Foul Ball, location: 2F 1-1: Ball 2-1: SINGLE (Groundball, 56D) | Batting: RHB Guo-xiu Choi | 0-0: Ball 1-0: Called Strike 1-1: Ball 2-1: Ground out 1-3 (Groundball, 15) | Top of the 3rd over - 0 runs, 1 hit, 0 errors, 1 left on base; Las Vegas 0 - Gresham 1 | BOTTOM OF THE 3RD |
---|
Gresham Gold Souls batting - Pitching for Las Vegas Stars : RHP José Becerra | Batting: RHB Augusto Baiano | 0-0: Foul Ball, location: 2F 0-1: Ball 1-1: Ground out 6-3 (Groundball, 6) | Batting: LHB Joel Nelson | 0-0: Called Strike 0-1: Ball 1-1: Ball 2-1: Ball 3-1: Swinging Strike 3-2: Ground out 4-3 (Groundball, 34) | Batting: LHB Bill Smith | 0-0: Ball 1-0: Ball 2-0: SINGLE (Line Drive, 4) | Batting: LHB Alberto Varela | 0-0: Called Strike 0-1: Ball 1-1: Called Strike 1-2: Ball 2-2: Strikes out swinging | Bottom of the 3rd over - 0 runs, 1 hit, 0 errors, 1 left on base; Las Vegas 0 - Gresham 1 | TOP OF THE 4TH |
---|
Las Vegas Stars batting - Pitching for Gresham Gold Souls : LHP Francisco Nieto | Batting: RHB Alonso Holguín | 0-0: SINGLE (Groundball, 34D) | Batting: RHB Juan Valverde | 0-0: Foul Ball, location: 2F 0-1: Foul Ball, location: 2F 0-2: Ball 1-2: Fly out, F7 (Flyball, 7LS) | Batting: LHB Patrick Osborne | 0-0: Called Strike 0-1: Swinging Strike 0-2: Fly out, F9 (Line Drive, 9D) | Batting: RHB Zhong Shui | 0-0: Called Strike 0-1: Ball 1-1: Hit by Pitch Alonso Holguín to second | Batting: SHB Júlio Salazar | 0-0: Ball 1-0: Ball 2-0: Called Strike 2-1: Swinging Strike 2-2: Ball 3-2: Strikes out looking | Top of the 4th over - 0 runs, 1 hit, 0 errors, 2 left on base; Las Vegas 0 - Gresham 1 | BOTTOM OF THE 4TH |
---|
Gresham Gold Souls batting - Pitching for Las Vegas Stars : RHP José Becerra | Batting: LHB Nick Scott | 0-0: Foul Ball, location: 2F 0-1: Ball 1-1: Fly out, F7 (Flyball, 7LS) | Batting: SHB Todd Smith | 0-0: Ball 1-0: Called Strike 1-1: Ground out U3 (Groundball, 34) | Batting: LHB Jeff Douglas | 0-0: Ball 1-0: Swinging Strike 1-1: Swinging Strike 1-2: Ball 2-2: Ball 3-2: Base on Balls | Batting: RHB Alberto Chávez | 0-0: Ball 1-0: Ball 2-0: Ball 3-0: Base on Balls Jeff Douglas to second | Batting: RHB Gabriel Miranda | 0-0: Called Strike 0-1: Fly out, F5 (Popup, 56S) | Bottom of the 4th over - 0 runs, 0 hits, 0 errors, 2 left on base; Las Vegas 0 - Gresham 1 | TOP OF THE 5TH |
---|
Las Vegas Stars batting - Pitching for Gresham Gold Souls : LHP Francisco Nieto | Batting: LHB Clint Parkinson | 0-0: Ball 1-0: Ball 2-0: SINGLE (Line Drive, 56) | Batting: RHB Gilberto Silva | 0-0: Foul Ball, location: 2F 0-1: Called Strike 0-2: Ball 1-2: Strikes out swinging | Batting: RHB Fernando Bórquez | 0-0: Ball 1-0: Ball 2-0: Ball 3-0: Called Strike 3-1: Grounds into double play, 5-4-3 (Groundball, 5) | Top of the 5th over - 0 runs, 1 hit, 0 errors, 0 left on base; Las Vegas 0 - Gresham 1 | BOTTOM OF THE 5TH |
---|
Gresham Gold Souls batting - Pitching for Las Vegas Stars : RHP José Becerra | Batting: RHB Augusto Baiano | 0-0: Called Strike 0-1: Single, Error in OF, E8, batter to second base | Batting: LHB Joel Nelson | 0-0: Called Strike 0-1: Fly out, F8 (Flyball, 8LD) Runner from 2nd tags up, SAFE at 3rd with throw | Batting: LHB Bill Smith | 0-0: Intentional Walk | Batting: LHB Alberto Varela | 0-0: Ball 1-0: Swinging Strike 1-1: Ball 2-1: Ball 3-1: Base on Balls Bill Smith to second | Batting: LHB Nick Scott | 0-0: Ball 1-0: Ball 2-0: Ball 3-0: Base on Balls Augusto Baiano scores Bill Smith to third Alberto Varela to second | Batting: SHB Todd Smith | 0-0: Ball 1-0: Called Strike 1-1: Ball 2-1: Fly out, F4 (Line Drive, 6M) | Batting: LHB Jeff Douglas | 0-0: Called Strike 0-1: Ball 1-1: Ball 2-1: Ball 3-1: Called Strike 3-2: Foul Ball, location: 2F 3-2: Foul Ball, location: 2F 3-2: Base on Balls Bill Smith scores Alberto Varela to third Nick Scott to second | Pitching: RHP Ki-tong Shiu | | Batting: RHB Alberto Chávez | 0-0: Called Strike 0-1: Called Strike 0-2: Foul Ball, location: 2F 0-2: Fly out, F9 (Flyball, 9LD) | Bottom of the 5th over - 2 runs, 1 hit, 1 error, 3 left on base; Las Vegas 0 - Gresham 3 | TOP OF THE 6TH |
---|
Las Vegas Stars batting - Pitching for Gresham Gold Souls : LHP Francisco Nieto | Batting: RHB Guo-xiu Choi | 0-0: Called Strike 0-1: Swinging Strike 0-2: Ball 1-2: Ground out 4-3 (Groundball, 4) | Batting: RHB Alonso Holguín | 0-0: Ball 1-0: Ball 2-0: Foul Ball, location: 2F 2-1: Ball 3-1: Base on Balls | Pitching: RHP Fernando Gutiérrez | | Batting: RHB Juan Valverde | 0-0: Fly out, F8 (Flyball, 8LS) | Batting: LHB Patrick Osborne | 0-0: Ball 1-0: Foul Ball, location: 2F 1-1: SINGLE (Groundball, 4MD) Alonso Holguín to second | Batting: RHB Zhong Shui | 0-0: Called Strike 0-1: Ball 1-1: Ball 2-1: 3-RUN HOME RUN (Flyball, 7D), Distance : 392 ft | Pitching: RHP Jeff Hansen | | Batting: SHB Júlio Salazar | 0-0: Called Strike 0-1: Ball 1-1: Ground out 4-3 (Groundball, 4) | Top of the 6th over - 3 runs, 2 hits, 0 errors, 0 left on base; Las Vegas 3 - Gresham 3 | BOTTOM OF THE 6TH |
---|
Gresham Gold Souls batting - Pitching for Las Vegas Stars : RHP Ki-tong Shiu | Batting: RHB Gabriel Miranda | 0-0: Called Strike 0-1: Ball 1-1: Foul Ball, location: 2F 1-2: Ball 2-2: Strikes out looking | Batting: RHB Augusto Baiano | 0-0: Ball 1-0: Fly out, F8 (Flyball, 8RD) | Batting: LHB Joel Nelson | 0-0: Swinging Strike 0-1: Ball 1-1: Fly out, F6 (Popup, 6M) | Bottom of the 6th over - 0 runs, 0 hits, 0 errors, 0 left on base; Las Vegas 3 - Gresham 3 | TOP OF THE 7TH |
---|
Las Vegas Stars batting - Pitching for Gresham Gold Souls : RHP Jeff Hansen | Batting: LHB Clint Parkinson | 0-0: Ball 1-0: SOLO HOME RUN (Flyball, 9LD), Distance : 370 ft | Batting: RHB Gilberto Silva | 0-0: Foul Ball, location: 2F 0-1: SINGLE (Flyball, 89M) | Batting: RHB Fernando Bórquez | 0-0: Ball Gilberto Silva steals 2nd base 1-0: Swinging Strike 1-1: Ball 2-1: DOUBLE (Line Drive, 78D) Gilberto Silva scores | Batting: RHB Guo-xiu Choi | 0-0: Ball 1-0: Called Strike 1-1: Ball 2-1: SINGLE (Line Drive, 7LM) Fernando Bórquez to third | Batting: RHB Alonso Holguín | 0-0: Fly out, F4 (Popup, 34S) | Batting: RHB Juan Valverde | 0-0: Called Strike Guo-xiu Choi steals 2nd base 0-1: Fly out, F7 (Flyball, 78D) Runner from 3rd tags up, OUT at HOME | Top of the 7th over - 2 runs, 4 hits, 0 errors, 1 left on base; Las Vegas 5 - Gresham 3 | BOTTOM OF THE 7TH |
---|
Gresham Gold Souls batting - Pitching for Las Vegas Stars : RHP Ki-tong Shiu | Pitching: LHP Justin Short | | Batting: LHB Bill Smith | 0-0: Fly out, F4 (Line Drive, 4M) | Batting: LHB Alberto Varela | 0-0: Foul Ball, location: 2F 0-1: Ball 1-1: DOUBLE (Groundball, 5L) | Batting: LHB Nick Scott | 0-0: Ball 1-0: Called Strike 1-1: Hit by Pitch | Pitching: RHP Kazuo Mochizuki | | Batting: SHB Todd Smith | 0-0: Ball 1-0: Called Strike 1-1: Fly out, F7 (Flyball, 78M) | Batting: LHB Jeff Douglas | 0-0: Ball 1-0: Called Strike 1-1: Ball 2-1: Foul Ball, location: 2F 2-2: Foul Ball, location: 2F 2-2: Strikes out swinging | Bottom of the 7th over - 0 runs, 1 hit, 0 errors, 2 left on base; Las Vegas 5 - Gresham 3 | TOP OF THE 8TH |
---|
Las Vegas Stars batting - Pitching for Gresham Gold Souls : RHP Jeff Hansen | Batting: LHB Patrick Osborne | 0-0: Ball 1-0: Foul Ball, location: 2F 1-1: Ball 2-1: Foul Ball, location: 2F 2-2: SOLO HOME RUN (Flyball, 9D), Distance : 396 ft | Batting: RHB Zhong Shui | 0-0: Ball 1-0: Ball 2-0: Called Strike 2-1: Ball 3-1: Base on Balls | Batting: SHB Júlio Salazar | 0-0: Bunted foul 0-1: Ball 1-1: Sac Bunt - play at first, batter OUT! 3-4 Zhong Shui to second | Batting: LHB Clint Parkinson | 0-0: Intentional Walk | Batting: RHB Gilberto Silva | 0-0: Ball 1-0: Fly out, F8 (Flyball, 8RS) | Batting: RHB Fernando Bórquez | 0-0: Called Strike 0-1: SINGLE (Line Drive, 89S) Zhong Shui to third Clint Parkinson to second | Batting: RHB Guo-xiu Choi | 0-0: Called Strike 0-1: Foul Ball, location: 2F 0-2: Ball 1-2: Ball 2-2: Foul Ball, location: 2F 2-2: Foul Ball, location: 2F 2-2: Strikes out swinging | Top of the 8th over - 1 run, 2 hits, 0 errors, 3 left on base; Las Vegas 6 - Gresham 3 | BOTTOM OF THE 8TH |
---|
Gresham Gold Souls batting - Pitching for Las Vegas Stars : RHP Kazuo Mochizuki | Batting: RHB Alberto Chávez | 0-0: SINGLE (Groundball, 6MD) | Batting: RHB Gabriel Miranda | 0-0: Fielders Choice at 2nd, 1-4 (Groundball, 15S) | Pitching: LHP Gian-Andrea Nota | | Batting: RHB Augusto Baiano | 0-0: Ball 1-0: Swinging Strike 1-1: Foul Ball, location: 2F 1-2: Ball 2-2: Strikes out swinging | Batting: LHB Joel Nelson | 0-0: Fly out, F8 (Line Drive, 8LD) | Bottom of the 8th over - 0 runs, 1 hit, 0 errors, 1 left on base; Las Vegas 6 - Gresham 3 | TOP OF THE 9TH |
---|
Las Vegas Stars batting - Pitching for Gresham Gold Souls : RHP Jeff Hansen | Batting: RHB Alonso Holguín | 0-0: Ball 1-0: SINGLE (Line Drive, 4MD) | Batting: RHB Juan Valverde | 0-0: Called Strike 0-1: Called Strike 0-2: Ball 1-2: Ball 2-2: Ball 3-2: SINGLE (Line Drive, 6MD) Alonso Holguín to second | Batting: LHB Patrick Osborne | 0-0: Ball 1-0: Called Strike 1-1: Fly out, F3 (Popup, 3) | Batting: RHB Zhong Shui | 0-0: Ball 1-0: Ball 2-0: Foul Ball, location: 2F 2-1: Called Strike 2-2: Foul Ball, location: 2F 2-2: Ball 3-2: Strikes out swinging | Batting: SHB Júlio Salazar | 0-0: Ball 1-0: Called Strike 1-1: Ball 2-1: Fielders Choice at 2nd, 6-4 (Groundball, 6) | Top of the 9th over - 0 runs, 2 hits, 0 errors, 2 left on base; Las Vegas 6 - Gresham 3 | BOTTOM OF THE 9TH |
---|
Gresham Gold Souls batting - Pitching for Las Vegas Stars : LHP Gian-Andrea Nota | Batting: LHB Bill Smith | 0-0: Ball 1-0: Swinging Strike 1-1: Foul Ball, location: 2F 1-2: SINGLE (Line Drive, 4M) | Batting: LHB Alberto Varela | 0-0: Ball 1-0: Foul Ball, location: 2F 1-1: Called Strike 1-2: Fly out, F4 (Line Drive, 4) Lined into DP, 4-3 (Line Drive, 4) | Batting: LHB Nick Scott | 0-0: Ball 1-0: Fly out, F6 (Line Drive, 6) | Bottom of the 9th over - 0 runs, 1 hit, 0 errors, 0 left on base; Las Vegas 6 - Gresham 3 | |